 Dungeon Crawl Stone Soup version 0.23.0 (webtiles) character file.

Game seed: 2168574216356845459

6853 theswoord the Cleaver (level 10, -3/70 HPs)
             Began as a Demonspawn Abyssal Knight on Feb 8, 2019.
             Was an Elder of Lugonu.
             Slain by a very large slime creature (24 damage)
             ... on level 12 of the Dungeon.
             The game lasted 00:25:17 (9222 turns).

theswoord the Cleaver (Demonspawn Abyssal Knight)   Turns: 9222, Time: 00:25:17

Health: -3/70      AC: 12    Str: 12    XL:     10   Next: 78%
Magic:  12/16      EV:  8    Int: 14    God:    Lugonu [****..]
Gold:   226        SH:  2    Dex: 16    Spells: 9/9 levels left

rFire    + + +     SeeInvis .   u - +2 hand axe (venom)
rCold    x . .     Gourm    .   (no shield)
rNeg     . . .     Faith    .   F - +0 fire dragon scales
rPois    .         Spirit   .   i - +0 hat
rElec    .         Reflect  +   (no cloak)
rCorr    +         Harm     .   C - +0 pair of gloves
MR       .....                  d - +2 pair of boots
Stlth    ..........             o - +2 amulet of reflection
HPRegen  0.21/turn              w - ring of resist corrosion
MPRegen  0.15/turn              y - ring of protection from fire

@: no status effects
A: horns 1, foul stench 2, spiny 2, rot immunity
a: Depart the Abyss, Bend Space, Banish, Corrupt, Renounce Religion


You were on level 12 of the Dungeon.
You worshipped Lugonu.
Lugonu was greatly pleased with you.
You were not hungry.

You visited 1 branch of the dungeon, and saw 10 of its levels.
You visited the Abyss 2 times.

You collected 457 gold pieces.
You spent 231 gold pieces at shops.

Inventory:

Hand Weapons
 a - a +1 hand axe
 u - a +2 hand axe of venom (weapon)
Armour
 b - a +0 leather armour
 d - a +2 pair of boots (worn)
 i - a +0 hat (worn)
 l - a +0 scale mail
 t - a +0 ring mail of fire resistance
 v - a +0 chain mail
 C - a +0 pair of gloves (worn)
 F - +0 fire dragon scales (worn)
Jewellery
 o - a +2 amulet of reflection (around neck)
 w - a ring of resist corrosion (left hand)
 y - a ring of protection from fire (right hand)
 z - an uncursed amulet of inaccuracy
 E - an uncursed ring of protection from fire
 J - a cursed -3 ring of intelligence {unknown}
Wands
 A - a wand of paralysis (8)
Scrolls
 e - 3 scrolls of teleportation
 g - 2 scrolls of immolation
 s - a scroll of fear
 D - a scroll of identify
 G - 3 scrolls of remove curse
Potions
 h - 2 potions of lignification
 j - a potion of cancellation
 k - a potion of flight
 m - a potion of might
 n - a potion of haste
 p - 5 potions of heal wounds
 q - 4 potions of mutation
 r - 3 potions of curing {unknown}
 x - a potion of magic {unknown}
 B - a potion of agility {unknown}
Comestibles
 c - 23 rations
 f - 2 chunks of flesh


   Skills:
 - Level 3.0 Fighting
 + Level 13.7 Axes
 - Level 1.7 Armour
 - Level 0.8 Dodging
 - Level 8.0 Invocations


You had 9 spell levels left.
You didn't know any spells.
Your spell library was empty.

Dungeon Overview and Level Annotations

Branches:
Dungeon (9/15)             Temple (0/1) D:6
   Lair: D:8-11         Orc: D:9-12

Altars:
Dithmenos
Gozag
Kikubaaqudgha
Nemelex Xobeh
Okawaru
Qazlal
Ru
Sif Muna
Trog
Uskayaw
Vehumet
The Shining One

Shops:
D:4 !   D:6 [   D:8 =

Annotations:
Abyss:1 Gastronok, Menkaure


Innate Abilities, Weirdness & Mutations

You have a pair of small horns on your head.
You frequently emit foul miasma when damaged in melee.
You are mostly covered in sharp spines.
You are immune to rotting.


Message History

The slime creature hits you but does no damage.
You hit the slime creature. You headbutt the slime creature.
You slash the slime creature! The slime creature closely misses you.
Two slime creatures merge to form a large slime creature.
You hit the large slime creature.
The large slime creature is poisoned.
You headbutt the large slime creature. You hit the large slime creature.
You headbutt the large slime creature.
Two slime creatures merge to form a very large slime creature.
You slash the very large slime creature!
You headbutt the very large slime creature, but do no damage.
The very large slime creature is struck by your spines.
The very large slime creature hits you!!!
Ouch! That really hurt!
* * * LOW HITPOINT WARNING * * *
Aim: a very large slime creature (heavily wounded, poisoned, sick, chance to defeat MR: 73%)
The very large slime creature struggles to resist.
You feel somewhat more hungry.
The very large slime creature is struck by your spines.
The very large slime creature hits you!!
You die...

#...........#########
#.........J.#
#...........#########
#.........a..........
#....................
#........J.##########
#..######..#
#..######..#####
#.....@Ja........
#..#########.....
#..# ...## #..# ..#
#..# ..# #..########
.# #..........
#..........
#..########


You could see a very large slime creature and a worker ant.

Vanquished Creatures
  A hornet (D:7)
  2 dream sheep (D:8)
  2 hippogriffs
  Eustachio (D:5)
  2 yaks (D:8)
  Edmund (D:4)
  2 sky beasts (D:8)
  7 orc warriors
  2 ogres
  A phantom (D:8)
  A centaur (D:7)
  3 big kobolds (D:8)
  4 bullfrogs
  A gnoll sergeant (D:8)
  A wyvern zombie (D:7)
  A wyvern skeleton (D:7)
  A scorpion (D:7)
  A water moccasin skeleton (D:6)
  2 vampire bats (D:4)
  7 crimson imps
  2 centaur zombies
  2 centaur skeletons
  9 hounds
  A gnoll shaman (D:5)
  3 orc priests
  A bullfrog skeleton (D:5)
  A jelly (D:6)
  15 orc wizards
  An iguana (D:4)
  Natasha (thrice) (D:3)
  6 worker ants
  2 killer bee zombies (D:8)
  Robin (D:3)
  A howler monkey skeleton (D:7)
  11 gnolls
  15 adders
  3 shadow imps
  2 oozes (D:4)
  An adder skeleton (D:6)
  3 worms
  3 dart slugs
  3 leopard geckos
  33 orcs
  3 bat skeletons (D:4)
  2 bat zombies (D:4)
  3 giant cockroaches
  16 goblins
  10 hobgoblins
  14 jackals
  7 kobolds
  3 quokkas
  A ball python skeleton (D:5)
  5 bats
  5 frilled lizards
  A jackal skeleton (D:6)
  A leopard gecko skeleton (D:5)
  6 rats
242 creatures vanquished.

Vanquished Creatures (others)
  A hydra (D:8)
1 creature vanquished.

Grand Total: 243 creatures vanquished

Notes
Turn   | Place    | Note
-------+----------+-------------------------------------------
     0 | Abyss:1  | theswoord the Demonspawn Abyssal Knight began the quest for
                  | the Orb.
     0 | Abyss:1  | Reached XP level 1. HP: 18/18 MP: 2/2
    24 | D:1      | Escaped the Abyss
    59 | D:1      | Reached skill level 2 in Axes
    93 | D:1      | Gained mutation: You are partially covered in sharp spines.
                  | [demonic ancestry]
    93 | D:1      | Reached XP level 2. HP: 23/24 MP: 2/4
   626 | D:1      | You fall through a shaft!
   645 | D:2      | Reached ** piety under Lugonu
   647 | D:2      | Gained mutation: You are mostly covered in sharp spines.
                  | [demonic ancestry]
   647 | D:2      | Reached XP level 3. HP: 19/29 MP: 5/5
  1111 | D:2      | Reached skill level 3 in Axes
  1408 | D:2      | Found a sacrificial altar of Ru.
  1451 | D:2      | Gained mutation: You have a pair of small horns on your
                  | head. [demonic ancestry]
  1451 | D:2      | Reached XP level 4. HP: 32/35 MP: 7/7
  1452 | D:2      | Found a glowing golden altar of the Shining One.
  1666 | D:2      | Found a radiant altar of Vehumet.
  1942 | D:3      | Found an opulent altar of Gozag.
  2008 | D:3      | Reached skill level 5 in Invocations
  2185 | D:3      | Noticed Natasha
  2189 | D:3      | Noticed Robin
  2199 | D:3      | Killed Natasha
  2199 | D:3      | Reached XP level 5. HP: 17/41 MP: 8/8
  2205 | D:3      | Cast into level 1 of the Abyss (Robin)
  2220 | Abyss:1  | Noticed a starcursed mass
  2223 | D:3      | Escaped the Abyss
  2229 | D:3      | Killed Robin
  2509 | D:3      | Noticed Natasha
  2512 | D:3      | Killed Natasha
  2582 | D:3      | Reached skill level 4 in Axes
  2639 | D:3      | Gained mutation: You are immune to rotting. [demonic
                  | ancestry]
  2639 | D:3      | Reached XP level 6. HP: 36/47 MP: 10/10
  2829 | D:3      | Noticed Natasha
  2832 | D:3      | Killed Natasha
  3174 | D:4      | Found Fueras's Distillery.
  3185 | D:4      | Reached *** piety under Lugonu
  3377 | D:4      | Noticed Menkaure
  3387 | D:4      | Banished Menkaure
  3387 | D:4      | Reached skill level 5 in Axes
  3387 | D:4      | Reached XP level 7. HP: 44/52 MP: 12/12
  3582 | D:4      | Found a stormy altar of Qazlal.
  3741 | D:4      | Noticed Edmund
  3755 | D:4      | Killed Edmund
  4080 | D:4      | Found an iron altar of Okawaru.
  4213 | D:4      | Found an ancient bone altar of Kikubaaqudgha.
  4216 | D:4      | Reached skill level 6 in Axes
  4266 | D:5      | Entered Level 5 of the Dungeon
  4550 | D:5      | Reached XP level 8. HP: 44/58 MP: 14/14
  4571 | D:5      | Noticed Eustachio
  4584 | D:5      | Killed Eustachio
  4584 | D:5      | Reached skill level 7 in Axes
  5708 | D:6      | Reached **** piety under Lugonu
  5712 | D:6      | Reached skill level 8 in Axes
  5745 | D:6      | Found a hide-covered altar of Uskayaw.
  5809 | D:6      | Found Qaotel's Armour Boutique.
  5812 | D:6      | Bought a +2 pair of boots for 231 gold pieces
  6044 | D:6      | Reached skill level 9 in Axes
  6502 | D:6      | Gained mutation: You may emit foul miasma when damaged in
                  | melee. [demonic ancestry]
  6502 | D:6      | Reached XP level 9. HP: 63/63 MP: 15/15
  6651 | D:6      | Reached skill level 10 in Axes
  6746 | D:6      | Found a staircase to the Ecumenical Temple.
  7031 | D:7      | Found a deep blue altar of Sif Muna.
  7102 | D:7      | Reached skill level 11 in Axes
  7384 | D:7      | Found a shadowy altar of Dithmenos.
  7813 | D:8      | Noticed Gastronok
  7940 | D:8      | Banished Gastronok
  7940 | D:8      | Reached skill level 12 in Axes
  7940 | D:8      | Gained mutation: You frequently emit foul miasma when
                  | damaged in melee. [demonic ancestry]
  7940 | D:8      | Reached XP level 10. HP: 70/70 MP: 7/16
  8338 | D:8      | Found Neoseosm's Jewellery Shop.
  8816 | D:8      | Reached skill level 13 in Axes
  8898 | D:8      | Noticed a three-headed hydra
  8899 | D:8      | Banished a three-headed hydra
  9030 | D:8      | Found a bloodstained altar of Trog.
  9121 | D:9      | Found a sparkling altar of Nemelex Xobeh.
  9151 | D:9      | You fall through a shaft for 3 floors!
  9222 | D:12     | Slain by a very large slime creature

Skill      XL: |  1  2  3  4  5  6  7  8  9 10 |
---------------+-------------------------------+-----
Axes           | 2 3 4 5 6 9 12 13 | 13.7
Invocations    | 3 4 5 6 7 8 |  8.0
Fighting       | |  3.0
Armour         | |  1.7
Dodging        | |  0.8

Action                   |  1- 3 |  4- 6 |  7- 9 | 10-12 || total
-------------------------+-------+-------+-------+-------++-------
Melee: Hand axe          |    76 |   122 |   288 |   141 ||   627
       Headbutt          |       |    18 |    54 |    36 ||   108
Invok: Bend Space        |       |     1 |       |       ||     1
       Depart the Abyss  |       |     1 |       |       ||     1
       Banish            |       |       |     3 |     3 ||     6
  Use: Scroll            |     6 |     6 |     5 |     2 ||    19
       Potion            |       |     1 |     2 |     1 ||     4
  Eat: Chunk             |     2 |     6 |    15 |     5 ||    28
Armor: Leather armour    |    19 |       |       |       ||    19
       Scale mail        |     2 |    24 |       |       ||    26
       Chain mail        |       |    14 |       |       ||    14
       Ring mail         |       |     3 |    51 |       ||    54
       Fire dragon scale |       |       |    48 |    46 ||    94
Dodge: Dodged            |    58 |    37 |    92 |    30 ||   217
Block: Other             |     2 |    13 |    23 |     6 ||    44
       Reflection        |       |     1 |       |       ||     1

Levels and vault maps discovered:
D:1:      lightli_arrival_isolated_outpost, layout_basic, minmay_3d_cube
D:2:      layout_rooms, nicolae_tso_carved_into_rock, nicolae_ru_awakened_eye,
          nicolae_overflow_hidden_temple, first_ration, kennysheep_boxes
D:3:      layout_basic, overflow_temple_1_default, uniq_natasha, uniq_robin
D:4:      layout_loops_cross, old_standard_altar, kennysheep_vampire_church,
          kennysheep_little_box, serial_shops, shop, kennysheep_doodads,
          uniq_menkaure, uniq_edmund
D:5:      layout_gridville, uniq_eustachio
D:6:      minmay_razor_zed, layout_gridville, lemuel_doored_altar,
          minmay_temple_entry_grid, serial_shops, kennysheep_mini,
          nrook_loot_triangle
D:7:      corexii_shack_village, layout_loops_ring, overflow_temple_1_default,
          lemuel_coloured_pillars_altar
D:8:      layout_rooms, marbit_many_paths, serial_shops, nicolae_shop_crystal,
          hangedman_ranch [blue_anna_fruit_fields], minmay_misc_feat_pillars,
          uniq_gastronok
D:9:      kennysheep_spiral_hall, layout_rooms, nicolae_overflow_crystal_walls
D:12:     layout_long_grid, orc_0_dummy, serial_shops, shop
Abyss:1
